[Event "1000GM Saint Louis 2022"]
[Site "Saint Louis"]
[Date "2022.07.20"]
[Round "3.1"]
[White "Eswaran, Ashritha"]
[Black "Woodward, Andy"]
[Result "1-0"]
[ECO "B90"]
[WhiteElo "2394"]
[BlackElo "2486"]
[Annotator "TA"]
[PlyCount "129"]
[EventDate "2022.07.20"]
[EventType "tourn"]
[EventCountry "USA"]
[SourceTitle "playchess.com"]
[Source "ChessBase"]
[SourceQuality "1"]
[TimeControl "5400+30"]

1. e4 c5 2. Nf3 d6 3. d4 cxd4 4. Nxd4 Nf6 5. Nc3 a6 6. h3 b5 7. a4 {[%emt 0:00:28] B90: Sicilian Najdorf: Unusual White 6th moves, 6 Be3 Ng4 and 6 Be3 e5.} b4 8. Nd5 e6 9. Nxf6+ {[%emt 0:00:25] The position is equal.} Qxf6 10. g3 Bb7 11. Bg2 {[%emt 0:01:22] [#]} Qd8 $146 (11... e5 $5 12. Nf5 Nd7 $14) ({Predecessor:} 11... Nd7 12. O-O Nc5 13. Re1 e5 14. c3 bxc3 15. bxc3 Be7 16. Nf5 O-O 17. Ba3 g6 {0-1 (58) Berelowitsch,A (2576)-Ruck,R (2574) Germany 2009}) 12. O-O Be7 13. Qd3 O-O 14. Bd2 a5 15. c3 Na6 16. cxb4 axb4 17. Qe3 Bf6 18. Rab1 (18. Rfd1 $5 ) 18... Bxd4 19. Qxd4 b3 (19... e5 $11 {remains equal.} 20. Qe3 d5) 20. a5 $16 Rb8 21. f4 {[%emt 0:04:32] Prevents e5. White is more active.} (21. Rfc1 $16) 21... e5 $14 22. Qe3 exf4 23. gxf4 Re8 24. Bc3 $40 {[%emt 0:02:04][%mdl 128] White has some attack.} Qh4 {[%emt 0:02:51] Inhibits Qg3.} ({Black should try} 24... f6 $14) 25. Qd4 $16 Qh6 (25... Qg3 $2 26. Rf3 Qg6 27. f5) 26. Rbe1 Nc7 27. Qd1 $1 Ba6 28. Rf2 Bc4 29. f5 Nb5 30. Bd2 Qf6 31. Bf4 Nd4 32. Bg5 $2 Qe5 $11 (32... Qxg5 33. Qxd4 d5 34. Qd2 $14) 33. Bf4 Qxa5 {[%emt 0:00:53] White must now prevent ...Nc2.} 34. Qd2 Qxd2 35. Rxd2 Nc2 36. Red1 Rbc8 37. Rxd6 Be2 38. R1d2 Bb5 39. e5 $1 h6 (39... Nb4 $16) 40. Bd5 $18 Bc4 (40... Ne1 {keeps fighting.} 41. f6 (41. e6 fxe6 42. fxe6 Nd3 $16) 41... Bc4) 41. Bc6 {[%emt 0:00:28] A strong pair of Bishops.} Rf8 42. Be4 Bb5 43. Rg2 (43. Bd5 $18) 43... Rc4 44. f6 $1 g5 $2 {[%emt 0:03:08][%mdl 8192] [#]} (44... Rxe4 $2 45. fxg7 Nd4 46. gxf8=N+ Kxf8 47. Bxh6+ Ke7 48. Bg5+ Kf8 49. Bh6+ Ke7 50. Bg5+ Kf8 51. Bf6 $18) (44... g6 $16 45. Bxg6 (45. Bxh6 Rxe4 46. Bxf8 Re1+ 47. Kf2 Kxf8 $11) 45... fxg6 46. Rxg6+ Kh8 47. Rxh6+ (47. Bxh6 Kh7 $15) 47... Kg8 48. Rg6+ Kh8) 45. Bxg5 $1 Ne1 46. Rg4 Rxe4 (46... hxg5 $2 47. Rxg5+ Kh8 48. Rh5+ Kg8 49. Bh7+ Kh8 50. Bf5+ Kg8 51. Bh7+ Kh8 52. Bf5+ Kg8 53. Bh7+ $18) 47. Rxe4 Nf3+ {[%emt 0:00:01] [#]} 48. Kf2 $1 Nxg5 49. Rg4 (49. Rb4 $18 {and the rest is easy.}) 49... Rc8 $2 (49... Kh7 $16) 50. h4 {[%emt 0:01:10][%cal Bh3h4,Bh4g5][%mdl 96] Pin. White is clearly winning.} Rc2+ 51. Ke3 Re2+ {[%emt 0:02:00] [#]} 52. Kd4 $1 Rxb2 {[%emt 0:01:45][%cal Ob2c2] Hoping for ...Rc2!} 53. hxg5 {[%emt 0:00:20][%mdl 4096] Endgame KRR-KRB} h5 54. Rh4 Kh7 55. Rxh5+ Kg6 56. Rh3 ({Not} 56. Kc3 Re2 $18) 56... Kxg5 (56... Bf1 $142) 57. Rb6 Ba4 58. Rf3 Kg4 59. Ke3 Rb1 60. Rf4+ Kg5 61. Rxa4 b2 62. Rab4 Re1+ 63. Kf2 b1=Q 64. Rxb1 Rxb1 65. Rxb1 {[%emt 0:00:04] Weighted Error Value: White=0.34/Black=0.33} 1-0

[Event "1000GM Saint Louis 2022"]
[Site "Saint Louis"]
[Date "2022.07.20"]
[Round "3.2"]
[White "Belous, Vladimir"]
[Black "Abrahamyan, Tatev"]
[Result "1-0"]
[ECO "E59"]
[WhiteElo "2519"]
[BlackElo "2291"]
[Annotator "TA"]
[PlyCount "51"]
[EventDate "2022.07.20"]
[EventType "tourn"]
[EventCountry "USA"]
[SourceTitle "playchess.com"]
[Source "ChessBase"]
[SourceQuality "1"]
[TimeControl "5400+30"]

1. d4 Nf6 2. c4 e6 3. Nc3 Bb4 4. e3 O-O 5. Bd3 c5 6. Nf3 d5 7. O-O Nc6 8. a3 Bxc3 9. bxc3 dxc4 10. Bxc4 Qc7 11. Ba2 {[%emt 0:04:12] 11.Re1 is the recent fashion.} b6 12. Qe2 {[%emt 0:01:57] E59: Nimzo-Indian: Rubinstein: Main Line: 7...Nc6 8 a3 Bxc3 9 bxc3 dxc4.} Rd8 13. Bb2 e5 {[%emt 0:03:24] [#]} 14. Rad1 $146 (14. Ng5 $14 Bg4 15. f3) ({Predecessor:} 14. h3 h6 15. Rfd1 e4 16. Nd2 Bf5 17. Nf1 Qe7 18. Ng3 Bg6 19. Rd2 h5 20. Qb5 {0-1 (64) Cao Armillas,J (2174)-Sanchez Gonzalez,S (2286) Madrid 2011}) 14... Bg4 $1 $11 15. h3 $1 Bh5 16. g4 $1 Nxg4 17. hxg4 Bxg4 18. Bb1 {[%emt 0:00:06] Black must now prevent Be4.} Rd6 19. dxc5 ({Don't blunder} 19. dxe5 $2 Nxe5 20. Bxh7+ Kf8 $19) 19... Rf6 $132 {[%emt 0:08:02][%mdl 2048] [#] Black is fighting back} 20. Bxh7+ $1 Kf8 $1 21. Be4 {[%emt 0:00:00][%cal Od1d6] Rd6! is the strong threat.} bxc5 22. a4 {[%emt 0:05:10] [#]} (22. Kg2 $11 Bxf3+ 23. Bxf3 Rg6+ 24. Bg4 (24. Kh1 Qe7 $11)) 22... Re8 (22... Qc8 $1 $17 {And now ...Bh5 would win.} 23. Qd2 (23. Ba3 $2 Bh5 $19) 23... Bxf3 24. Bxf3 Rxf3) 23. Ba3 Ne7 24. Rd2 {[%emt 0:07:26] Threatens to win with Rfd1.} Kg8 $2 (24... Rh6 $1 $11) 25. Qb5 $18 Rc8 26. Nh2 {[%emt 0:02:22] Weighted Error Value: White=0.20 (precise) /Black=0.55} 1-0

[Event "1000GM Saint Louis 2022"]
[Site "Saint Louis"]
[Date "2022.07.20"]
[Round "3.3"]
[White "Mardov, Dimitar"]
[Black "Yu, Jennifer"]
[Result "1-0"]
[ECO "D12"]
[WhiteElo "2396"]
[BlackElo "2268"]
[Annotator "TA"]
[PlyCount "75"]
[EventDate "2022.07.20"]
[EventType "tourn"]
[EventCountry "USA"]
[SourceTitle "playchess.com"]
[Source "ChessBase"]
[SourceQuality "1"]
[TimeControl "5400+30"]

1. d4 d5 2. c4 c6 3. Nf3 Nf6 4. e3 Bf5 5. Nc3 e6 6. Nh4 Be4 7. f3 Bg6 8. Qb3 Qc7 9. Bd2 {[%emt 0:00:07] D12: Slav Defence: 3 Nf3 Nf6 4 e3 Bf5.} Be7 10. Nxg6 hxg6 11. O-O-O {[%emt 0:00:08] The position is equal.} dxc4 12. Bxc4 b5 13. Be2 a6 14. Ne4 Nbd7 15. Kb1 Rc8 16. h4 {[%emt 0:09:28][%cal Bh2h4,Bh4h5][%mdl 32] [#]} Nxe4 $146 ({Better is} 16... c5 $11) ({Predecessor:} 16... c5 17. Nxc5 Nxc5 18. dxc5 Qg3 19. Qa3 Qxg2 20. Qxa6 O-O 21. Qxb5 Rxc5 22. Qa6 Rb8 {0-1 (30) Donchenko,A (2583)-Bartel,M (2649) Biel 2016}) 17. fxe4 $14 c5 18. h5 {[%emt 0:15:20] And now hxg6 would win.} g5 19. e5 c4 20. Qc2 b4 21. e4 (21. Rc1 $16) 21... Nb6 (21... O-O $11 {keeps the balance.}) 22. Be3 $16 Qb8 (22... O-O $16 23. h6 c3 24. hxg7 (24. Bxa6 b3 $16) 24... Kxg7) 23. Bg4 $2 (23. d5 $18 Bc5 24. Bxc5 (24. Bxg5 Qxe5 25. Bc1 O-O $11) 24... Rxc5 25. dxe6 (25. d6 c3 $11)) 23... Nd7 $11 {[%emt 0:02:12] [#]} 24. Be2 {[%emt 0:02:45] White is more active.} (24. h6 $1 $16 gxh6 25. Be2) 24... b3 (24... Nb6 $1 $11 {remains equal.}) 25. axb3 $16 cxb3 26. Qd3 $36 {[%emt 0:01:00][%mdl 2048] White is in control.} a5 (26... Rc2 $16) 27. Qb5 $18 Qa8 $2 (27... Qa7 28. d5 (28. Qxb3 Rb8 $16) 28... Qxe3 29. dxe6 O-O 30. Rxd7 (30. exd7 Rc5 $16) 30... Rc5) 28. d5 {[%emt 0:01:26] White is clearly winning.} Rb8 29. Qc6 ({Don't play} 29. Qa4 Rb4 30. Qc6 Qb7) 29... exd5 30. exd5 Rh6 31. Qxa8 Rxa8 32. Bb5 {[%emt 0:01:30] This bishop pair is nice.} Rb8 33. Bc6 Rxc6 34. dxc6 Nxe5 35. h6 gxh6 36. Rxh6 Bf8 37. Bxg5 {[%emt 0:02:34] Threatening mate with c7.} Rc8 {[%emt 0:00:08] [#]} 38. c7 $1 {[%emt 0:01:42] Weighted Error Value: White=0.22 (precise) /Black=0.45} 1-0

[Event "1000GM Saint Louis 2022"]
[Site "Saint Louis"]
[Date "2022.07.20"]
[Round "3.4"]
[White "Gauri, Shankar"]
[Black "Chandra, Akshat"]
[Result "1/2-1/2"]
[ECO "B07"]
[WhiteElo "2376"]
[BlackElo "2485"]
[Annotator "TA"]
[PlyCount "111"]
[EventDate "2022.07.20"]
[EventType "tourn"]
[EventCountry "USA"]
[SourceTitle "playchess.com"]
[Source "ChessBase"]
[SourceQuality "1"]
[TimeControl "5400+30"]

1. d4 Nf6 2. Nf3 g6 3. Nbd2 Bg7 4. e4 d6 5. Bb5+ c6 6. Bd3 O-O 7. O-O c5 8. c3 cxd4 {[%emt 0:00:52] 8...Nc6 deserves study.} 9. cxd4 e5 {[%emt 0:00:09] B07: Pirc Defence: Miscellaneous Systems.} 10. d5 a5 11. Nb1 Nbd7 12. Nc3 Nc5 13. Be3 {[%emt 0:06:04] [#]} b6 $146 ({Predecessor:} 13... Nxd3 14. Qxd3 Ng4 15. Rac1 Bd7 16. a4 f5 17. Bg5 Qb6 18. Nd2 Rac8 19. Nc4 Qa6 20. b3 Nf6 {1-0 (62) Caruana,F (2765)-Shevchenko,K (2574) Riga 2021}) 14. Re1 Nh5 (14... Nxd3 $142 15. Qxd3 Ba6) 15. Bf1 $11 Bd7 16. Nd2 Be8 17. Bb5 Rc8 (17... Bxb5 $14 18. Nxb5 Nf6) 18. Bxe8 Rxe8 19. Nb3 Nf6 20. f3 h5 21. Bg5 Qd7 22. Qe2 Na4 23. Nxa4 Qxa4 24. Be3 Nd7 25. Rec1 (25. Nd2 $1 $16) 25... Rxc1+ $14 26. Nxc1 f5 27. b3 $1 Qb4 28. Nd3 Qb5 {[%emt 0:00:02] [#]} 29. Nf4 $1 Qxe2 30. Nxe2 Nc5 (30... b5 $11 {is more appropriate.}) 31. Rc1 (31. Nc3 $14) 31... fxe4 $11 32. fxe4 Kh7 33. Bxc5 bxc5 {[%emt 0:00:03][%mdl 4096] Endgame KRB-KRN} 34. Rf1 Bh6 35. Rf7+ Kg8 36. Rf6 Kg7 37. Rxd6 {[%emt 0:00:45] Threatening Kf2.} Rf8 38. Rd7+ Kg8 $1 {[%emt 0:00:12] ( -> ...Be3+)} 39. h4 $1 {[%emt 0:00:21] Strongly threatening Rc7.} Be3+ $1 40. Kh2 {[%emt 0:00:45] aiming for Rc7.} Rf2 41. Ng1 Rf1 (41... Rxa2 $11 {keeps the balance.} 42. Nf3 a4) 42. Nh3 $1 $16 Kf8 (42... Ra1 $16 {might work better.}) 43. Ra7 $18 c4 (43... Rc1 $142 44. Rxa5 c4) 44. Ra8+ (44. Rxa5 c3 45. Ra8+ Ke7 $14) 44... Ke7 45. bxc4 Rc1 46. Rc8 ({Don't take} 46. Rxa5 $6 Rxc4 47. Ng5 Bf4+ 48. Kg1 Bxg5 49. hxg5 Rxe4 $16) 46... Kd7 47. Rc6 a4 $2 {[%emt 0:00:04] [#]} (47... Rc2 48. a4 (48. Rxg6 Rxa2 49. Ng5 Bf4+ 50. Kh3 Ra3+ 51. Nf3 Rc3 $14) 48... Rc1) 48. Ng5 $1 Bf4+ (48... Bg1+ $142 49. Kg3 Bd4 50. Rxg6 Rxc4 51. Rg7+ Kd6 52. Nf7+ Kc5) 49. g3 Rc2+ 50. Kh3 Rc3 51. Ne6 Rxg3+ 52. Kh2 Rg4+ 53. Kh3 {[%emt 0:01:06] And now Rc7+ would win.} Rg3+ 54. Kh2 Rg4+ $1 {[%emt 0:00:01] [#]} 55. Kh3 $2 (55. Kh1 $1 $18 {White wants to mate with Rc7+.} Ke7 56. c5 (56. Rc7+ Kf6 $16)) 55... Rg3+ $11 56. Kh2 {[%emt 0:00:03] Weighted Error Value: White=0.25 (precise) /Black=0.21 (precise)} 1/2-1/2

[Event "1000GM Saint Louis 2022"]
[Site "Saint Louis"]
[Date "2022.07.20"]
[Round "3.5"]
[White "Dragun, Kamil"]
[Black "Kretchetov, Alexandre"]
[Result "1-0"]
[ECO "C79"]
[WhiteElo "2563"]
[BlackElo "2219"]
[Annotator "TA"]
[PlyCount "107"]
[EventDate "2022.07.20"]
[EventType "tourn"]
[EventCountry "USA"]
[SourceTitle "playchess.com"]
[Source "ChessBase"]
[SourceQuality "1"]
[TimeControl "5400+30"]

1. e4 e5 2. Nf3 Nc6 3. Bb5 a6 4. Ba4 d6 5. c3 g6 6. d4 Bd7 7. O-O Bg7 8. Re1 Nf6 {[%emt 0:00:07][%cal Bg8f6,Bf6h5,Bh5f4][%mdl 32] now scores much better than the old 8...Nge7.} 9. h3 {[%emt 0:00:09] C79: Ruy Lopez: Steinitz-type lines with 3...a6 4 Ba4 Nf6 5 0-0 d6.} O-O 10. Bc2 Re8 11. Nbd2 {[%emt 0:00:58] The position is equal.} h6 12. Nf1 Nh5 13. Be3 Qe7 14. Qd2 g5 15. Ng3 Nf4 16. Nf5 Bxf5 17. exf5 {[%emt 0:00:24] [#]} Rad8 $146 (17... Qf6 $16) ({Predecessor:} 17... Qf6 18. d5 Ne7 19. Be4 Nxf5 20. Qc2 Ne7 21. Rad1 Neg6 22. Kh2 Nf8 23. g3 N4g6 {0-1 (35) Asante Debesai,Z (1712)-Makoto,R (2373) Casablanca 2019}) 18. Bxf4 (18. d5 $18 {and White stays clearly on top.} Na5 19. Bxf4 gxf4 20. Qe2) 18... gxf4 $16 19. dxe5 dxe5 20. Qe2 Nb8 21. Qe4 (21. Qc4 {is more complex.} c6 22. Re2 Qc7 23. f6) 21... c6 22. Re2 Nd7 23. Rae1 Kf8 24. a4 Qc5 25. Nd2 Nf6 26. Qc4 Qd6 27. a5 Rd7 28. Nf3 Rde7 29. Be4 Kg8 30. b4 Rd8 31. Bc2 (31. Nd2 $11) 31... Qd5 $1 $15 32. Bb3 ({White should play} 32. Qxd5 $15 Nxd5 33. Re4) 32... Qxc4 $17 33. Bxc4 e4 34. Nd2 e3 (34... Rde8 $17 35. Nb3 Nh5) 35. fxe3 $15 Rxe3 36. Rxe3 fxe3 37. Nf1 Nd5 38. Bxd5 Rxd5 39. Rxe3 Rxf5 {[%emt 0:00:16][%mdl 4096] Endgame KRB-KRN} 40. Ng3 Rd5 41. Re8+ Kh7 42. Re7 Kg6 43. Ne2 {[%emt 0:00:29] Hoping for Nf4+.} Re5 $2 (43... Rb5 $1 $11) 44. Nf4+ $18 Kg5 45. Rxf7 {[%emt 0:00:20] White is more active.} Re1+ {[%emt 0:00:15][%mdl 64] [#] Discovered Attack} 46. Kf2 Bxc3 47. Nd3 (47. h4+ $1 $16 Kxh4 48. Ne2) 47... Rd1 48. Ke3 Rg1 49. Rxb7 {[%emt 0:00:45] [#] Rb6 is the strong threat.} Rxg2 50. Rb6 (50. Nc5 $14 Rg3+ 51. Ke2 Rxh3 52. Nxa6) 50... Rg3+ $11 51. Ke2 Rxh3 52. Rxc6 Rh2+ 53. Kf1 Rd2 $2 54. Rxc3 {[%emt 0:00:08] Weighted Error Value: White=0.16 (very precise) /Black=0.26 (precise)} 1-0

[Event "1000GM Saint Louis 2022"]
[Site "Saint Louis"]
[Date "2022.07.20"]
[Round "4.1"]
[White "Woodward, Andy"]
[Black "Kretchetov, Alexandre"]
[Result "1-0"]
[ECO "D10"]
[WhiteElo "2486"]
[BlackElo "2219"]
[Annotator "TA"]
[PlyCount "149"]
[EventDate "2022.07.20"]
[EventType "tourn"]
[EventCountry "USA"]
[SourceTitle "playchess.com"]
[Source "ChessBase"]
[SourceQuality "1"]
[TimeControl "5400+30"]

1. d4 d5 2. c4 c6 3. cxd5 cxd5 4. Nc3 Nf6 5. Bf4 Nc6 6. e3 a6 7. Be2 e6 {[%emt 0:02:28] D10: Slav Defence: 3 cxd5 (without early Nf3) and 3 Nc3.} 8. Nf3 Be7 9. Ne5 Bd7 {[%emt 0:04:24] [#] The position is equal.} 10. Bd3 $146 ({Predecessor:} 10. O-O O-O 11. Bd3 Rc8 12. Qf3 Be8 13. Qh3 Kh8 14. Rac1 g6 15. Bh6 Rg8 16. f4 {1-0 (49) Rakhmanov,A (2653)-McShane,L (2640) Riadh 2017}) 10... Rc8 11. O-O b5 (11... Nb4 $11) 12. a4 b4 13. Ne2 {[%emt 0:00:46] White is much more active.} (13. Bxa6 $6 bxc3 14. Nxd7 Qxd7 $11) 13... Qb6 14. Ng3 O-O 15. Bg5 {[%emt 0:05:17] aiming for Bxf6.} (15. Bxh7+ $2 Kxh7 16. Bg5 Qb7 17. Bxf6 Bxf6 $19) 15... Be8 16. Nxc6 Rxc6 17. a5 Qb7 18. Nh5 Nxh5 19. Bxe7 (19. Qxh5 g6 20. Qh6 Bxg5 21. Qxg5 Rc8 $11) 19... Qxe7 20. Qxh5 g6 21. Qe2 Qd6 22. Rfc1 Rxc1+ 23. Rxc1 Bd7 24. f4 ({Reject} 24. Bxa6 $6 Ra8 25. Bd3 Rxa5 $11) 24... Rc8 25. Rxc8+ Bxc8 $16 {[%emt 0:00:03][%mdl 4096] Endgame KQB-KQB} 26. Qc2 Bb7 27. Kf1 Kf8 28. Ke1 Ke7 29. Kd1 f6 30. Kc1 e5 31. g3 exd4 32. exd4 Kd8 33. Kb1 (33. f5 $142) 33... Qe7 34. Qe2 $1 {[%emt 0:03:25] Against Qe3} Qd6 (34... Qd7 $16) 35. Ka2 Qc7 36. Qe6 Qxa5+ 37. Kb3 $1 Qa1 38. Qxf6+ Kc7 39. Qe7+ (39. Kxb4 Qxb2+ 40. Ka4 Bc6+) 39... Kb8 40. Qf8+ ({Stronger than} 40. Kxb4 Qxb2+ 41. Ka5 Qxd4 $15) (40. Qxb4 $18 {has better winning chances.} Qd1+ 41. Bc2) 40... Ka7 41. Qc5+ Ka8 42. Qxb4 Qd1+ (42... Qg1 $16 {was called for.}) 43. Bc2 $18 {[%emt 0:00:05] Threatening mate with Qf8+.} Qe2 44. Qf8+ Ka7 45. Qc5+ Ka8 46. Ka4 ({White should try} 46. h4 $18) 46... Qxh2 $14 47. Ka5 ({Better is} 47. Qc3 $1 $14) 47... Qxg3 $11 48. Qf8+ Ka7 49. Ba4 Qe1+ 50. b4 Qe6 51. Qd8 {[%emt 0:00:26][%mdl 8192] Inhibits Qb6+.} (51. Qc5+ $11 {and White stays safe.} Kb8 52. Qb6) 51... h5 $1 $19 52. Qc7 {[%emt 0:01:08] [#]} Qc8 (52... h4 $1 $19 {Hoping for ...Qc8.} 53. Bd7 Qf6) 53. Qb6+ $11 Ka8 {[%emt 0:00:15] ...h4 is the strong threat.} 54. Qxg6 {[%emt 0:01:26] Strongly threatening f5.} Qc7+ 55. Qb6 Qxf4 56. Bc6 Qf7 57. Qxa6+ Kb8 58. Qb6 Qc7 59. Bxb7 Qxb7 {[%emt 0:00:12] KQ-KQ} 60. Qd8+ Ka7 61. b5 {[%emt 0:00:06] Against Qa6+} Qf7 62. Qc8 Qb7 {[%emt 0:00:15] Inhibits b6+.} 63. Qc5+ Kb8 {[%emt 0:00:23] ( -> ...Qa7+)} 64. b6 {[%emt 0:00:09] Prevents Qa7+. Qd6+ would kill now.} Qd7 {[%emt 0:00:39] Against Qd6+} 65. Qf8+ Kb7 66. Qf6 Qc8 $2 (66... Qh7 $11) 67. Qe7+ {[%emt 0:00:22] White mates.} Kc6 68. Qc5+ Kb7 69. Qxd5+ Kb8 70. Qd6+ Kb7 71. Qe7+ Kc6 72. Qc5+ Kb7 {[%emt 0:00:01] [#]} 73. Qxc8+ $1 Kxc8 74. Ka6 Kb8 75. d5 {[%emt 0:00:02] What a fight!  Weighted Error Value: White=0.19 (very precise) /Black=0.17 (very precise)} 1-0

[Event "1000GM Saint Louis 2022"]
[Site "Saint Louis"]
[Date "2022.07.20"]
[Round "4.2"]
[White "Chandra, Akshat"]
[Black "Dragun, Kamil"]
[Result "1/2-1/2"]
[ECO "E08"]
[WhiteElo "2485"]
[BlackElo "2563"]
[Annotator "TA"]
[PlyCount "55"]
[EventDate "2022.07.20"]
[EventType "tourn"]
[EventCountry "USA"]
[SourceTitle "playchess.com"]
[Source "ChessBase"]
[SourceQuality "1"]
[TimeControl "5400+30"]

1. d4 Nf6 2. Nf3 e6 3. c4 d5 4. g3 Bb4+ 5. Bd2 Be7 6. Bg2 c6 7. Qc2 Nbd7 8. O-O O-O 9. Bf4 b6 10. cxd5 cxd5 11. Rc1 Bb7 12. Bc7 Qe8 13. Qb3 {[%emt 0:00:48] E08: Closed Catalan: Main Line: 7 Qc2.} Rc8 14. Na3 Ba6 15. Nb5 {[%emt 0:00:56] The position is equal.} Bxb5 16. Qxb5 Nc5 {[%emt 0:00:14] Prevents Qa6.} 17. Qxe8 Rfxe8 18. Bf4 Na4 19. Rxc8 Rxc8 20. Rc1 Rxc1+ 21. Bxc1 Nd7 {[%emt 0:01:15] [#]  Weighted Error Value: White=0.00 (flawless) /Black=0.04 (flawless)} {Predecessor:} 22. Ne1 $146 b5 23. Nd3 f5 24. Bd2 Nab6 25. b3 Nb8 26. Ne5 N6d7 27. Nxd7 Nxd7 28. Bf4 {0-1 (50) Giri,A (2776)-So,W (2760) Kolkata 2019} 1/2-1/2

[Event "1000GM Saint Louis 2022"]
[Site "Saint Louis"]
[Date "2022.07.20"]
[Round "4.2"]
[White "Yu, Jennifer"]
[Black "Gauri, Shankar"]
[Result "1-0"]
[ECO "E65"]
[WhiteElo "2268"]
[BlackElo "2376"]
[Annotator "TA"]
[PlyCount "139"]
[EventDate "2022.07.20"]
[EventType "tourn"]
[EventCountry "USA"]
[SourceTitle "playchess.com"]
[Source "ChessBase"]
[SourceQuality "1"]
[TimeControl "5400+30"]

1. c4 Nf6 2. Nc3 g6 3. g3 Bg7 4. Bg2 d6 5. d4 O-O 6. Nf3 c5 7. O-O Nc6 8. dxc5 dxc5 9. Bf4 Nh5 10. Be3 b6 {[%emt 0:04:53] [#] is currently scoring better than 10...Nd4. E65: King's Indian: Fianchetto: 6...c5 7 0-0 without d5 by White.} 11. Ne5 $1 Bxe5 12. Bxc6 Bh3 {[%emt 0:00:39] [#] The position is equal.} 13. Qxd8 $146 ({Predecessor:} 13. Re1 Rc8 14. Qa4 e6 15. Bf3 Qc7 16. Nb5 Qe7 17. Qxa7 Qf6 18. Rad1 Rb8 19. b3 {1-0 (42) Veng,J (2294)-Berntsen Oybo,A (1777) Helsingor 2015}) 13... Raxd8 14. Rfd1 Nf6 15. Bh6 Rxd1+ 16. Rxd1 Rc8 {[%emt 0:00:41] [#]} 17. Nb5 $1 {[%emt 0:08:41] White is more active.} a6 18. Na7 Rb8 19. Bg2 (19. f3 $5 ) 19... Bxg2 20. Kxg2 {[%emt 0:00:15] Nc6 is the strong threat.} Bd6 21. Nc6 Rb7 22. Bf4 Ne8 23. Bxd6 exd6 $14 {[%emt 0:00:03][%mdl 4096] Endgame KRN-KRN} 24. b4 cxb4 25. Nxb4 b5 26. cxb5 Rxb5 27. Rd4 ({Avoid the trap} 27. Nxa6 $2 Rb6 28. Nb8 Rxb8 $19) 27... a5 28. Nd5 f5 29. a4 Rc5 30. Nf4 Kf7 31. Nd3 Rc2 32. Rd5 Rxe2 33. Rxa5 Re7 {[%emt 0:01:40] Against Ra7} (33... Rd2 $11 34. Ra7+ Kg8) 34. Ra6 Ke6 35. a5 Kd5 36. Rb6 {[%emt 0:00:04] aiming for a6.} Ra7 37. a6 {[%emt 0:02:13] And now Rb7 would win.} Ra8 $2 (37... Kc4 $1 $11 {and Black stays safe.} 38. Nf4 g5) 38. Rb7 $18 Kd4 39. Nb4 Nf6 40. Rc7 (40. a7 $18 Kc4 41. Na6) 40... Nd5 $16 41. Nxd5 Kxd5 {[%emt 0:00:01] KR-KR} 42. a7 h6 43. Kf3 g5 {[%emt 0:00:35] [#]} (43... Kd4 $16 44. Kf4 Kd5) 44. h4 (44. Ke3 $1 $18) 44... Ke5 $2 {[%emt 0:00:30][%mdl 8192] This move loses the game for Black.} (44... Kd4 $16 45. Ke2 d5) 45. Ke3 $18 d5 $2 (45... Kd5 46. h5 Re8+ 47. Kd3 Ra8) 46. Rh7 {[%emt 0:00:24] Black must now prevent f4+.} d4+ 47. Kd3 gxh4 48. gxh4 Kd5 49. h5 Ke5 50. Rb7 Kf4 51. Kxd4 {[%emt 0:00:50] White mates.} Kg5 52. Ke5 Re8+ 53. Kd6 Ra8 54. Ke6 Re8+ 55. Re7 Ra8 56. Ke5 f4 57. Rg7+ Kxh5 58. Kxf4 Re8 59. Rb7 Ra8 60. Kg3 Kg5 61. Rb5+ Kf6 62. Ra5 Ke6 63. Kh4 Kf6 64. Kh5 Kg7 65. Ra6 Kf7 66. Kxh6 Ke7 67. Kg7 Kd7 68. f4 Kc7 69. f5 Kb7 70. Ra1 {[%emt 0:00:04] Weighted Error Value: White=0.10 (very precise) /Black=0.32} 1-0

[Event "1000GM Saint Louis 2022"]
[Site "Saint Louis"]
[Date "2022.07.20"]
[Round "4.3"]
[White "Abrahamyan, Tatev"]
[Black "Mardov, Dimitar"]
[Result "0-1"]
[ECO "A07"]
[WhiteElo "2291"]
[BlackElo "2396"]
[Annotator "TA"]
[PlyCount "84"]
[EventDate "2022.07.20"]
[EventType "tourn"]
[EventCountry "USA"]
[SourceTitle "playchess.com"]
[Source "ChessBase"]
[SourceQuality "1"]
[TimeControl "5400+30"]

1. Nf3 d5 2. g3 Bg4 3. Bg2 Nd7 4. O-O e6 5. h3 Bh5 6. d4 {[%emt 0:00:13][%cal Oc2c4] A07: Réti Opening: New York and Capablanca Systems.} Ngf6 7. c4 c6 8. cxd5 {[%emt 0:00:39] The position is equal.} exd5 9. Ne5 {[%emt 0:00:28] is recently more successful than 9.Qb3.} Bg6 10. Nc3 {[%emt 0:01:53] [#]} Nb6 $146 ({Predecessor:} 10... Bb4 11. Qb3 a5 12. f4 h6 13. Nxg6 fxg6 14. e4 Qb6 15. exd5 Qxd4+ 16. Kh2 Nc5 {1-0 (77) Grandelius,N (2656)-Giri,A (2773) Chess.com INT 2022}) 11. Bg5 (11. a4 $5 ) 11... Be7 12. f4 (12. a4 $14) 12... Bf5 13. g4 (13. a4 $5 ) 13... Bc8 (13... Be4 $11) 14. Bh4 O-O 15. Qd3 Ne8 16. Bg3 f5 17. gxf5 (17. e3 $11) 17... Bxf5 18. e4 dxe4 19. Nxe4 Kh8 20. Qe2 Nc7 ({But not} 20... Qxd4+ 21. Bf2 Qb4 22. a3) (20... Bxe4 $5 21. Qxe4 Nd6 $15) 21. Rad1 Nbd5 22. Nc5 Bxc5 23. dxc5 Qf6 24. Kh2 Rae8 25. Rde1 Ne7 26. Qf2 {[%emt 0:01:58] [#] Black must now prevent Bh4.} Ng6 {[%emt 0:02:10] Prevents Bh4.} 27. Rd1 Nd5 28. Rde1 h6 29. Re2 Nxe5 30. Rxe5 (30. fxe5 $11 Qg6 31. Qd4) 30... Nb4 (30... Bd3 $17 31. Rfe1 Rxe5 32. Rxe5 Nxf4 33. Qxf4 Qxf4 34. Bxf4 Rxf4 35. Re8+ Kh7) 31. Qe3 Rd8 32. Qa3 (32. Be1 $15 Nd3 33. Ba5) 32... Nd3 $17 33. Re2 Rfe8 34. Rd2 Qg6 ({Black should play} 34... h5 {Threatens to win with ...h4.} 35. Qc3 (35. Qxa7 $2 h4 $19) 35... Qxc3 36. bxc3 Nxc5 37. Rxd8 Rxd8) 35. Qc3 Re3 (35... Rd7 $17) 36. Rf3 (36. Bf2 $11 {remains equal.} Rxh3+ 37. Bxh3) 36... Rde8 {[%emt 0:00:53] 0x0.001f23cb1749dp-1022s more active pieces.} (36... Qe6 $17 37. Rxe3 Qxe3) 37. Rdf2 $2 {[%emt 0:01:08][%mdl 8192] Now White is beyond hope.} Rxf3 $19 {[%emt 0:01:14] Black is clearly winning.} 38. Rxf3 Re2 {[%emt 0:00:17] [#] Hoping for ...Be4.} 39. Qd4 Be4 40. Qd8+ Kh7 41. f5 Rxg2+ 42. Kxg2 Qh5 {[%emt 0:00:17][%mdl 64] Pin.  Weighted Error Value: White=0.58/Black=0.16 (very precise)} 0-1